[Event "Icelandic Chess-ch 2023"]
[Site "Hafnarfjordur"]
[Date "2023.05.20"]
[Round "6.3"]
[White "Danielsen, Henrik"]
[Black "Hjartarson, Johann"]
[Result "0-1"]
[ECO "A36"]
[WhiteElo "2501"]
[BlackElo "2466"]
[Annotator "TA"]
[PlyCount "70"]
[EventDate "2023.05.13"]
[EventType "tourn"]
[EventCountry "ISL"]
[SourceTitle "playchess.com"]
[Source "ChessBase"]
[SourceQuality "1"]
[TimeControl "40/5400+30:1800+30"]

1. g3 g6 2. c4 Bg7 3. Bg2 Nf6 4. Nc3 O-O 5. e4 d6 6. Nge2 c5 7. O-O Nc6 8. d3 a6 9. h3 Rb8 10. a4 Ne8 11. Be3 e5 {[%emt 0:00:19] A36: Symmetrical English vs ...g6: 4 Bg2 Bg7.} 12. Nd5 Nc7 13. Nec3 Nxd5 {[%emt 0:00:30] The position is equal.} 14. Nxd5 Be6 {[%emt 0:00:39] [#]} 15. Nc3 $146 ({Predecessor:} 15. a5 Bxd5 16. cxd5 Nd4 17. Bd2 f5 18. exf5 gxf5 19. b4 cxb4 20. Bxb4 Rc8 21. Bd2 {½-½ Johansson,K (2456)-Chocenka,D (2453) Baltic Sea/10 2017 [1]}) 15... b6 16. Kh2 Qd7 17. h4 f5 18. exf5 gxf5 19. f4 Kh8 20. Qd2 Nb4 21. Rae1 a5 22. Rd1 Rg8 23. fxe5 (23. b3 $15) 23... dxe5 $17 24. Bg5 Rbf8 25. Bh3 {[%emt 0:03:26] [#]} (25. Nb5 $17) 25... f4 $1 $19 26. Bxe6 Qxe6 ({And not} 26... fxg3+ 27. Kg2 Qxe6 28. Ne4 $17) 27. Qe2 fxg3+ (27... Qe8 $19 {has better winning chances. aiming for ...h6.} 28. gxf4 h6) 28. Kg2 {[%emt 0:00:24] [#]} ({Better is} 28. Kxg3 e4 29. Qxe4 Be5+ 30. Kg2) 28... Rf2+ $1 $17 29. Rxf2 gxf2 30. Ne4 Nc6 (30... h6 $17 31. Be3 Bf6+ 32. Kh2 Bxh4 33. Bxf2 Bxf2 34. Qxf2 Qe7) 31. Nxf2 (31. Rf1 $11 {remains equal.}) 31... Nd4 $36 {[%emt 0:00:17][%mdl 2048] Black is in control.} 32. Qe4 {[%emt 0:01:06] [#]} (32. Qg4 $142) 32... Bf6 (32... h6 $1 $17 33. Be3 Nf5) 33. Nh3 (33. Rg1 $1 $15) 33... h6 $19 {[%emt 0:01:39][%cal Bh7h6,Bh6g5][%mdl 96] Pin} 34. Rh1 Qc6 ({Stronger than} 34... hxg5 35. hxg5 Qf5 36. Qh4+ Qh7 37. Qxh7+ Kxh7 38. Nf2+ Kg7 39. gxf6+ Kxf6+ 40. Kf1 $11) 35. Kf2 {[%emt 0:21:03] Strongly threatening Qxc6.} hxg5 {[%emt 0:00:39] Weighted Error Value: White=0.46/Black=0.23 (precise)} 0-1

[Event "Icelandic Chess-ch 2023"]
[Site "Hafnarfjordur"]
[Date "2023.05.20"]
[Round "6.4"]
[White "Domalchuk-Jonasson, Aleksandr"]
[Black "Gretarsson, Hjorvar Steinn"]
[Result "1-0"]
[ECO "A26"]
[WhiteElo "2338"]
[BlackElo "2539"]
[Annotator "TA"]
[PlyCount "63"]
[EventDate "2023.05.13"]
[EventType "tourn"]
[EventCountry "ISL"]
[SourceTitle "playchess.com"]
[Source "ChessBase"]
[SourceQuality "1"]
[TimeControl "40/5400+30:1800+30"]

1. c4 e5 2. Nc3 Nc6 3. Nf3 g6 4. g3 Bg7 5. Bg2 d6 6. d3 Nge7 7. Rb1 a5 {[%emt 0:01:40] A26: English Opening vs King's Indian with ...Nc6 and d3.} 8. a3 f5 9. Bd2 O-O {[%emt 0:02:25] The position is equal.} 10. b4 axb4 11. axb4 Qe8 12. Qc1 Bd7 {[%emt 0:05:07] [#]} 13. h4 $146 ({Predecessor:} 13. O-O f4 14. Nb5 Qc8 15. e3 fxe3 16. fxe3 h6 17. e4 Kh7 18. Ra1 Rxa1 19. Qxa1 {0-1 Lacko,J (1800)-Virostko,P (1935) CZE-ch U14 Plzen 1995 (9)}) 13... f4 14. b5 Nd8 15. Ng5 h6 16. Nge4 {[%emt 0:00:45] b6 would be deadly.} Ne6 17. b6 Bc6 {[%emt 0:02:14] White leaves nothing to chance now.} 18. bxc7 Qd7 {[%emt 0:01:05] [#]} ({Black should play} 18... Nxc7 $14 19. Nxd6 (19. gxf4 d5 $14) 19... Qd7) 19. Nd5 {[%emt 0:06:49] White is more active.} Rae8 (19... Bxd5 $16 20. cxd5 Nxd5) 20. Bb4 Nf5 (20... Nxd5 21. cxd5 Bxd5) 21. g4 $18 {[%emt 0:01:29][%mdl 64] Deflection} (21. gxf4 Nxf4 22. Bh3 (22. Nxf4 exf4 23. Qxf4 Qxc7 $16) 22... Bxd5 23. cxd5 Nxh3 $16) 21... Nfd4 22. Bxd6 ({Weaker is} 22. Nxd6 Nxc7 23. Nxe8 Rxe8 $18) (22. g5 $142 f3 23. Bh3 fxe2 24. Bxe6+ (24. Nxd6 $2 Bxd5 25. Nxe8 Bxh1 $19) 24... Qxe6 25. gxh6 (25. Nxd6 $2 e4 $19) (25. Bxd6 Rf3 $11) 25... Bxd5 26. cxd5 (26. hxg7 Bxe4 27. gxf8=Q+ Rxf8 $11)) 22... f3 23. Bxf3 Bxd5 $2 (23... Nxf3+ 24. exf3 Rxf3) 24. cxd5 {[%emt 0:01:20] White is clearly winning.} Nf4 25. Qd2 Nxd5 26. Qa2 ({Worse is} 26. Rxb7 Rxf3 27. g5 Bf8 $11) 26... Rxf3 27. Qxd5+ Rf7 28. Rxb7 Rc8 29. Rb8 {[%emt 0:00:43] [#] Qa8 is the strong threat.} Qxg4 30. f3 (30. Bxe5 $2 Qxe2#) 30... Qd7 31. Nc5 (31. Qa8 $142 Ne6 32. Rxc8+ Kh7 33. Rg8 Qxd6 34. Nxd6 Rxc7 35. Kf2) 31... Qf5 32. Qe4 {[%emt 0:00:32] Beautiful play by Domalchuk-Jonasson!   Weighted Error Value: White=0.38/Black=0.43} 1-0

[Event "Icelandic Chess-ch 2023"]
[Site "Hafnarfjordur"]
[Date "2023.05.20"]
[Round "6.5"]
[White "Ingvason, Johann"]
[Black "Heimisson, Hilmir Freyr"]
[Result "0-1"]
[ECO "A62"]
[WhiteElo "2076"]
[BlackElo "2353"]
[Annotator "TA"]
[PlyCount "60"]
[EventDate "2023.05.13"]
[EventType "tourn"]
[EventCountry "ISL"]
[SourceTitle "playchess.com"]
[Source "ChessBase"]
[SourceQuality "1"]
[TimeControl "40/5400+30:1800+30"]

1. d4 Nf6 2. c4 e6 3. g3 c5 4. d5 exd5 5. cxd5 d6 6. Nc3 g6 7. Bg2 Bg7 8. Nf3 O-O 9. O-O Re8 10. Bf4 (10. Nd2 $5 ) 10... Bf5 {[%emt 0:00:34] 10...h6 is setting a new trend. A62: Modern Benoni: Fianchetto Variation without early ...Nbd7.} 11. Nh4 {[%emt 0:01:42] Threatens to win with Nxf5.} Bg4 12. Qd2 b5 {[%emt 0:06:21] The position is equal.} 13. Rfe1 a6 14. a3 Bc8 $1 15. h3 Qb6 16. e4 {[%emt 0:00:46] [#]} Nbd7 $146 ({Predecessor:} 16... Bb7 17. Nf3 Nbd7 18. Rad1 Rad8 19. b3 Nh5 20. Bg5 Nhf6 21. Bf4 Nh5 22. Bg5 Nhf6 23. Bf4 {½-½ Pubantz,J (2268)-Hommer,J (2172) GER-ch U16 Willingen 2021 (6)}) 17. Be3 Bb7 18. f4 Re7 (18... a5 $142) 19. Bf2 Qd8 {[%emt 0:14:33] [#]} (19... a5 $11 {keeps the balance.}) 20. e5 $1 $16 Ne8 (20... dxe5 $2 21. d6 Nb6 22. Qc2 $18 (22. dxe7 Qxd2 23. Rad1 Qxe1+ 24. Bxe1 Bxg2 $16) (22. fxe5 Bxg2 23. exf6 Rxe1+ 24. Rxe1 Nc4 $16) (22. Rxe5 Nc4 $11)) 21. e6 Nb6 {[%emt 0:07:29] [#]} 22. f5 $1 Nc4 23. Qc2 Ne5 24. exf7+ (24. Rad1 $18) 24... Rxf7 25. fxg6 hxg6 26. Nxg6 Qg5 27. Nxe5 Bxe5 28. Kh2 (28. Rxe5 $16 Qxe5 29. Re1) 28... Ng7 $11 29. Re4 ({White should try} 29. Rxe5 $11 Qxe5 30. Re1) 29... Bc8 {[%emt 0:03:26] [#]} (29... Raf8 $15 30. Be1 Bc8) 30. Rh4 $2 Qxh4 {[%emt 0:00:41] Weighted Error Value: White=0.44/Black=0.24 (precise)} 0-1

[Event "Icelandic Chess-ch 2023"]
[Site "Hafnarfjordur"]
[Date "2023.05.20"]
[Round "6.6"]
[White "Thorfinnsson, Bragi"]
[Black "Stefansson, Hannes"]
[Result "0-1"]
[ECO "B18"]
[WhiteElo "2431"]
[BlackElo "2521"]
[Annotator "TA"]
[PlyCount "50"]
[EventDate "2023.05.13"]
[EventType "tourn"]
[EventCountry "ISL"]
[SourceTitle "playchess.com"]
[Source "ChessBase"]
[SourceQuality "1"]
[TimeControl "40/5400+30:1800+30"]

1. e4 c6 2. d4 d5 3. Nc3 dxe4 4. Nxe4 Bf5 5. Qf3 e6 6. Be3 {[%emt 0:04:22] B18: Classical Caro-Kann: 4...Bf5 sidelines.} Nd7 7. Bd3 Bg6 8. Ne2 {[%emt 0:14:35] The position is equal.} (8. Ng5 {simplifies} Qf6 9. O-O-O Qxf3 10. N1xf3 Ngf6 11. Bxg6 hxg6 12. c3) 8... Ngf6 9. N2g3 {[%emt 0:03:01] [#]} (9. Nxf6+ {simplifies} Nxf6 10. Nf4 Bf5 11. h3) 9... Nd5 $146 (9... Nxe4 {simplifies} 10. Nxe4 Nf6 11. O-O Nxe4 12. Bxe4 Bd6) ({Predecessor:} 9... Be7 10. O-O-O Nxe4 11. Nxe4 Nf6 12. Kb1 Qd5 13. Nxf6+ gxf6 14. Qxd5 cxd5 15. Bb5+ Kd8 {½-½ Kupreichik,V (2405)-Lintchevski,D (2553) Minsk op 2014 (8)}) 10. Bg5 (10. O-O {simplifies} Be7 11. c4 Nxe3 12. Qxe3 O-O 13. Rad1) 10... Qb6 11. O-O-O h6 {[%emt 0:04:48] Strongly threatening ...Bxe4.} ({Don't take} 11... Qxd4 12. Nd6+ Bxd6 13. Bxg6 $14) 12. Be3 O-O-O 13. h4 Qa5 14. Bc4 (14. h5 $2 Bxe4 15. Bxe4 Qxa2 16. Bxd5 cxd5 $19) 14... f5 15. Nd2 (15. Bxd5 {simplifies} exd5 16. Nc3 Bb4 17. Bf4) 15... e5 (15... Bd6 $11 {keeps the balance.} 16. h5 Bh7) 16. Nb3 $2 (16. Nxf5 $16 Kb8 17. Bb3) 16... Qxa2 $17 17. Bxd5 cxd5 18. dxe5 $2 {[%emt 0:03:27][%mdl 8192] Now White is beyond hope.} (18. Nxf5 $17 a5 19. Qxd5 Bxf5 20. Qxa5 Qxa5 21. Nxa5) 18... Nxe5 $19 {[%emt 0:01:04] Black is clearly winning.} 19. Qe2 Nc4 20. Bd4 Bd6 21. Qf3 {[%emt 0:01:53] Against Bf4+} Kb8 22. h5 Bh7 {[%emt 0:00:29] Threatens to win with ...f4.} 23. Ne2 {[%emt 0:03:30] [#]} f4 $1 24. Qxd5 (24. Rd2 Rc8) 24... Rc8 {[%emt 0:00:30][%cal Oh7c2] Hoping for ...Bxc2!} ({Not} 24... Na3 25. Nc3 (25. bxa3 $2 Qxc2#) 25... Bg8 26. Qxd6+ Rxd6 27. Nxa2 $18) 25. Bxg7 {[%emt 0:02:21] [#]} Ba3 $1 {[%emt 0:03:36][%mdl 576] Decoy.   Weighted Error Value: White=0.82/Black=0.08 (flawless)} 0-1

[Event "Icelandic Chess-ch 2023"]
[Site "Hafnarfjordur"]
[Date "2023.05.21"]
[Round "7.1"]
[White "Stefansson, Hannes"]
[Black "Ptacnikova, Lenka"]
[Result "1-0"]
[ECO "B76"]
[WhiteElo "2521"]
[BlackElo "2099"]
[Annotator "TA"]
[PlyCount "41"]
[EventDate "2023.05.13"]
[EventType "tourn"]
[EventCountry "ISL"]
[SourceTitle "playchess.com"]
[Source "ChessBase"]
[SourceQuality "1"]
[TimeControl "40/5400+30:1800+30"]

1. e4 c5 2. Nf3 d6 3. d4 cxd4 4. Nxd4 Nf6 5. Nc3 g6 6. Be3 Bg7 7. f3 O-O 8. Qd2 Nc6 9. O-O-O d5 10. exd5 Nxd5 11. Nxc6 bxc6 12. Bd4 e5 13. Bc5 Re8 14. Bc4 {[%emt 0:12:44] B76: Sicilian Dragon: Yugoslav Attack, 9 g4 and 9 0-0-0.} Qh4 15. Bxd5 cxd5 {[%emt 0:00:07] [#]} 16. Bf2 $146 {[%emt 0:00:50][%cal Bc5f2,Bf2d4,Bd4g7][%mdl 32] White is slightly better.} ({Predecessor:} 16. g3 Qh5 17. Nxd5 Bb7 18. g4 Qh3 19. Qe2 Rad8 20. Qe4 Kh8 21. c4 f5 22. gxf5 gxf5 {1-0 Christiansen,J (2594)-Clarke,B (2470) Colonia de Sant Jordi 1st 2022 (2)}) 16... Qb4 {[%emt 0:02:19] [#] Hoping for ...Rb8.} 17. Nxd5 (17. Qxd5 $2 {loses.} Rb8 18. Qb3 Qf4+ 19. Kb1 Rxb3 $19) 17... Qc4 (17... Qb7 $142) 18. b3 $16 Qa6 19. Kb1 e4 $2 (19... Qc6 $16 {might work better.} 20. Qc3 Qxc3 21. Nxc3 Bb7) 20. Bd4 $18 {[%emt 0:02:47] [#] Strongly threatening Bxg7. Active counter play!} exf3 {[%emt 0:05:23] Black is weak on the dark squares} (20... Qd6 $142) 21. Bxg7 {[%emt 0:00:57] Black got outplayed after the opening.   Weighted Error Value: White=0.01 (flawless) /Black=0.61} ({Weaker is} 21. gxf3 Qc6 $18) 1-0

[Event "Icelandic Chess-ch 2023"]
[Site "Hafnarfjordur"]
[Date "2023.05.21"]
[Round "7.2"]
[White "Heimisson, Hilmir Freyr"]
[Black "Thorfinnsson, Bragi"]
[Result "1-0"]
[ECO "D02"]
[WhiteElo "2353"]
[BlackElo "2431"]
[Annotator "TA"]
[PlyCount "149"]
[EventDate "2023.05.13"]
[EventType "tourn"]
[EventCountry "ISL"]
[SourceTitle "playchess.com"]
[Source "ChessBase"]
[SourceQuality "1"]
[TimeControl "40/5400+30:1800+30"]

1. e4 c6 2. d4 g6 3. Nf3 d5 4. exd5 cxd5 5. Bf4 Bg7 6. Be2 Nc6 7. O-O Nf6 8. h3 O-O 9. c3 Bf5 {[%emt 0:01:12] D02: 1 d4 d5 2 Nf3 sidelines, including 2...Nf6 3 g3 and 2...Nf6 3 Bf4.} 10. Nbd2 Rc8 11. Re1 Ne4 {[%emt 0:04:26] White is slightly better.} 12. Nf1 {[%emt 0:00:21] [#]} Na5 $146 (12... e5 {is more complex.} 13. Nxe5 Nxe5 14. dxe5 Qb6) ({Predecessor:} 12... f6 13. Ne3 e5 14. Bh2 Be6 15. c4 Ne7 16. cxd5 Nxd5 17. Bc4 Nc7 18. Qb3 Qe7 19. Qxb7 Nd6 20. Bxe6+ Qxe6 21. Qxa7 e4 22. d5 Nxd5 23. Nd4 {1-0 Quinones Borda,J (1954)-Mantau,J (2076) Remote S7E Starter-43 email 2013}) 13. Ne3 Be6 14. Ng5 Nxg5 15. Bxg5 f6 16. Bf4 Bf7 17. Ng4 g5 18. Bh2 Nc4 19. Qb3 Qd7 20. Bd3 Rc6 21. Qc2 h6 22. Ne3 Rb6 23. Nxc4 dxc4 24. Be4 a5 25. Bf3 e6 26. Rad1 Qb5 (26... a4 $14) 27. Rd2 ({Better is} 27. Bc7) 27... a4 28. a3 {[%emt 0:01:19] White has more active pieces.} Ra8 (28... Ra6 $16) 29. Bc7 $18 Rba6 {[%emt 0:00:11] [#]} (29... Rc6 $142) 30. d5 $1 exd5 (30... Rf8 31. d6) 31. Re7 {[%emt 0:00:06] Repels Qd7} Re8 32. Rxe8+ ({Stronger than} 32. Rde2 Rxe7 33. Rxe7 Re6 34. Rxe6 Bxe6 $15) (32. Rxf7 $1 $18 {Threatening mate with Qg6.} Kxf7 33. Bxd5+ (33. Bh5+ Kg8 $14) 33... Kf8 34. Qh7) 32... Qxe8 $14 33. Bxd5 Bxd5 34. Rxd5 {[%emt 0:00:07] Rd8 is the strong threat.} Ra8 {[%emt 0:00:01] Prevents Rd8} (34... Bf8 $14) 35. Qf5 $1 $16 Qe1+ 36. Kh2 Re8 37. Rb5 ({Of course not} 37. Rd7 $6 Qe6 38. Qb5 Qc6 $11) 37... Qe4 38. Qxe4 Rxe4 39. Rxb7 $18 {[%emt 0:00:30][%mdl 4096] Endgame KRB-KRB} Re2 (39... Bf8 $16 {might work better.}) 40. Kg3 Bf8 41. Rb5 {[%emt 0:04:56] Against Bc5} Kf7 {[%emt 0:01:19] [#]} 42. Kf3 (42. Bb6 $1 $18) 42... Re1 $16 43. g4 Be7 (43... Rb1 $16) 44. Bg3 Kg6 45. h4 ({White should play} 45. Rb8 $18) 45... Kf7 (45... gxh4 $16 46. Bxh4 Rb1) 46. h5 $18 Ke6 47. Rb8 Kf7 48. Rb7 Ke6 {[%emt 0:00:14] Repels Bd6} 49. Rb6+ Kf7 50. Rb8 Ke6 51. Rb6+ (51. Ra8 $142) 51... Kf7 $1 52. Bb8 Bd8 53. Rb7+ Ke6 54. Rb5 Be7 55. Ba7 Re5 56. Rb8 Kf7 57. Bd4 Re1 58. Rb6 Rg1 59. Be3 Ke8 60. Rb8+ Kf7 61. Rb6 Ke8 $1 62. Re6 {[%emt 0:01:20] Bc5 would be deadly. White is clearly winning.} Kf7 63. Re4 Rb1 64. Rxc4 Rxb2 65. Rxa4 Rb3 66. Ra7 Rxc3 67. a4 Ke6 68. Ra6+ Kd5 69. Ra8 {[%emt 0:00:27] Prevents Bd8. Threatens to win with a5.} Ra3 70. a5 Bc5 {[%emt 0:01:44] [#]} 71. a6 $1 {[%emt 0:00:05] Hoping for a7.} Bb6 72. a7 Kd6 73. Ke4 Kc7 74. Bxb6+ Kxb6 75. Rf8 {[%emt 0:00:19] Weighted Error Value: White=0.23 (precise) /Black=0.30} 1-0

[Event "Icelandic Chess-ch 2023"]
[Site "Hafnarfjordur"]
[Date "2023.05.21"]
[Round "7.3"]
[White "Gretarsson, Hjorvar Steinn"]
[Black "Ingvason, Johann"]
[Result "1-0"]
[ECO "D11"]
[WhiteElo "2539"]
[BlackElo "2076"]
[Annotator "TA"]
[PlyCount "95"]
[EventDate "2023.05.13"]
[EventType "tourn"]
[EventCountry "ISL"]
[SourceTitle "playchess.com"]
[Source "ChessBase"]
[SourceQuality "1"]
[TimeControl "40/5400+30:1800+30"]

1. d4 d5 2. c4 c6 3. Nf3 Nf6 4. g3 Bf5 5. Nc3 e6 6. Nh4 {[%emt 0:00:05] D11: Slav Defence: 3 Nf3 sidelines and 3...Nf6 4 e3 Bg4.} Bg4 7. h3 Bh5 8. Qb3 {[%emt 0:04:31] White has an edge.} Qb6 9. c5 Qxb3 {[%emt 0:01:50] has lost popularity (9...Qc7).} 10. axb3 Be7 11. g4 Nfd7 12. Nf3 $36 {[%emt 0:04:45][%mdl 2048] White fights for an advantage.} Bg6 {[%emt 0:00:19] [#]} 13. b4 $146 (13. Bf4 $11) ({Predecessor:} 13. Bf4 Bc2 14. b4 O-O 15. e3 f6 16. Be2 g5 17. Bg3 f5 18. gxf5 Bxf5 19. Rg1 {1-0 Sodoma,J (2380)-Biolek,R (2464) CZE-chT 1112 2011 (2.6)}) 13... f6 (13... Na6 $1 $15 14. b5 Nb4) 14. b5 (14. e3 $1 $14) 14... O-O 15. e3 a6 16. b6 Re8 17. b4 Bf8 (17... e5 $11 {remains equal.}) 18. Bd2 $16 {[%emt 0:04:20] White leaves nothing to chance now.} e5 19. Kd1 (19. Be2 {with more complications.} exd4 20. exd4 Nxb6 21. cxb6 Bxb4 22. Kd1) 19... Bf7 20. Rg1 g6 21. Ne1 {[%emt 0:02:17][%cal Bf3e1,Be1c2,Bc2b4][%mdl 32] White is much more active.} Bg7 22. Nc2 Nf8 23. b5 Rd8 (23... a5 $16) 24. bxa6 $18 Nxa6 25. Bxa6 bxa6 26. Nb4 Be8 27. Rxa6 f5 28. Ne2 fxg4 29. hxg4 (29. Rxg4 $6 Bd7 30. Rg3 Rxa6 31. Nxa6 Bc8 $18) 29... Ne6 (29... Nd7 $142 30. Rxa8 (30. Nxc6 Nxc5 31. Nxd8 Nxa6 $16) 30... Rxa8) 30. Bc3 {[%emt 0:01:00] [#] Rxa8 would be deadly.} h6 $2 (30... Bf8 31. b7 (31. dxe5 Nxc5 32. Rxa8 Rxa8 $14) 31... Rab8 32. Nxc6 Bxc6 33. Rxc6 Re8) 31. Kc2 ({Weaker is} 31. dxe5 Nxc5 32. Rxa8 (32. Ra7 Rxa7 33. bxa7 Ra8 $11) 32... Rxa8 $16) 31... Kh7 (31... exd4 $142 32. Bxd4 g5 33. Rxa8 Rxa8 34. Bxg7 Bg6+ 35. Kc3 Nxc5) 32. Rga1 Rxa6 33. Nxa6 Rd7 34. dxe5 h5 35. Nd4 Nd8 36. Nc7 Re7 37. Ra8 Nb7 38. Rxe8 Rxe8 39. Nxe8 Bxe5 40. gxh5 gxh5 41. f4 Bh8 42. Ne6 Bxc3 43. Kxc3 {[%emt 0:00:17] [#] Intending Nd6 and mate.} h4 44. Kd4 Kg6 45. Ng5 {[%emt 0:00:08] White wants to mate with Nd6.} Nd8 46. Nd6 {[%emt 0:00:56] White mates.} Ne6+ 47. Nxe6 h3 48. b7 {[%emt 0:00:11] Weighted Error Value: White=0.28 (precise) /Black=0.49} 1-0

[Event "Icelandic Chess-ch 2023"]
[Site "Hafnarfjordur"]
[Date "2023.05.21"]
[Round "7.4"]
[White "Hjartarson, Johann"]
[Black "Domalchuk-Jonasson, Aleksandr"]
[Result "0-1"]
[ECO "B90"]
[WhiteElo "2466"]
[BlackElo "2338"]
[Annotator "TA"]
[PlyCount "90"]
[EventDate "2023.05.13"]
[EventType "tourn"]
[EventCountry "ISL"]
[SourceTitle "playchess.com"]
[Source "ChessBase"]
[SourceQuality "1"]
[TimeControl "40/5400+30:1800+30"]

1. e4 c5 2. Nf3 d6 3. d4 cxd4 4. Nxd4 Nf6 5. Nc3 a6 6. Be3 e5 7. Nb3 Be7 8. h3 {[%emt 0:00:24] B90: Sicilian Najdorf: Unusual White 6th moves, 6 Be3 Ng4 and 6 Be3 e5.} Be6 9. f4 exf4 10. Bxf4 {[%emt 0:00:05] The position is equal.} Nc6 11. Qe2 $1 Ne5 12. O-O-O {[%emt 0:02:55] Strongly threatening Bxe5.} Nfd7 13. Kb1 O-O 14. Qe3 Rc8 15. g4 b5 16. Nd4 Qc7 $1 17. Rh2 Rfe8 18. Qg3 Bf8 {[%emt 0:06:53] [#]} 19. g5 $146 ({Predecessor:} 19. Rhd2 Nb6 20. Qg2 Nbc4 21. Bxc4 Nxc4 22. Rd3 Ne5 23. Rg3 Qb7 24. Nf5 Rc5 25. Nd5 {½-½ Oparin,G (2569)-Palac,M (2591) CRO-chT1A 24th 2015 (4.42)}) 19... b4 20. Nd5 Bxd5 21. exd5 Nc5 22. h4 Qb7 ({Better is} 22... Ne4 23. Qb3 Qb7) 23. Bg2 ({White should play} 23. Qg2 $1 $16) 23... Nc4 $1 $14 24. Bc1 {[%emt 0:20:42] This pair of bishops is nice.} Ne4 25. Bxe4 Rxe4 26. Nc6 Rce8 27. Qd3 g6 28. Rf1 (28. h5 $16) 28... Bg7 $11 29. Rhf2 Qb5 $2 {[%emt 0:00:09] [#]} (29... Rxh4 $11 {and Black is okay.} 30. b3 Ne5) 30. Qf3 $2 (30. Rxf7 $6 Ne3 $16) (30. Rf4 $1 $18 Rxf4 31. Rxf4) 30... Qxd5 $15 {[%emt 0:02:25] Active counter play!} 31. Nxb4 (31. Qxf7+ $2 Qxf7 32. Rxf7 Re1 $19) 31... Qb7 {[%emt 0:01:10] Some like it hot} 32. Qxf7+ (32. c3 $1 $15) 32... Qxf7 $17 33. Rxf7 Re1 $36 {[%emt 0:00:28][%mdl 2048] aiming for ...Nd2+. Keeping White busy.} 34. Rxe1 (34. Nxa6 $2 Nd2+ 35. Ka1 Nxf1 $19) 34... Rxe1 35. Rf2 {[%emt 0:00:13] Dodges Nd2+} (35. Rxg7+ $17 {was worth a try.} Kxg7 36. b3) 35... Bd4 $19 ({Not} 35... Nxb2 36. Nd5 $15) (35... Bxb2 36. Nd3 Bd4 37. Nxe1 $17) 36. Rg2 Bxb2 ({Stronger than} 36... Nxb2 37. Rg4 Be5 38. Nd3 Nxd3 39. cxd3 $11) 37. Nd3 Rh1 38. Rg4 $2 {[%emt 0:01:16] [#]} (38. Re2 {might work better.}) 38... Ne5 $1 39. Nxe5 $2 (39. Kxb2 Nxg4 40. Bf4) 39... Bxc1 {[%emt 0:00:17][%mdl 4096] Endgame KRB-KRN. Black is clearly winning.} ({Worse is} 39... Bxe5 40. c3 $15) 40. Nf3 Bxg5+ 41. Kb2 Bc1+ 42. Kb1 Ba3+ 43. Rg1 Rxg1+ 44. Nxg1 Kg7 45. Ne2 Kf6 {[%emt 0:02:06] Weighted Error Value: White=0.50/Black=0.12 (very precise)} 0-1

[Event "Icelandic Chess-ch 2023"]
[Site "Hafnarfjordur"]
[Date "2023.05.21"]
[Round "7.5"]
[White "Stefansson, Vignir Vatnar"]
[Black "Danielsen, Henrik"]
[Result "1-0"]
[ECO "D23"]
[WhiteElo "2470"]
[BlackElo "2501"]
[Annotator "TA"]
[PlyCount "81"]
[EventDate "2023.05.13"]
[EventType "tourn"]
[EventCountry "ISL"]
[SourceTitle "playchess.com"]
[Source "ChessBase"]
[SourceQuality "1"]
[TimeControl "40/5400+30:1800+30"]

1. Nf3 Nf6 2. c4 c6 3. d4 d5 4. Qb3 dxc4 5. Qxc4 Bf5 6. g3 e6 7. Bg2 Be7 8. O-O Nbd7 9. Qb3 Qb6 10. Nbd2 {[%emt 0:00:19][%cal Bb1d2,Bd2c4,Bc4a5,Ba5b7,Bb7c5][%mdl 32] D23: Queen's Gambit Accepted: 3 Nf3 Nf6 sidelines.} h6 11. Nc4 Qxb3 (11... Qa6 {looks sharper.} 12. Bf4 Nb6 13. Nd6+ Bxd6 14. Bxd6 Qxe2 15. Ne5 Qc2) 12. axb3 {[%emt 0:00:26] The position is equal.} Be4 13. Nfe5 Bxg2 14. Kxg2 O-O 15. Na5 {[%emt 0:07:15] [#]} c5 $146 ({Predecessor:} 15... Nxe5 16. dxe5 Nd7 17. Nxb7 Rfb8 18. Na5 Nxe5 19. Bf4 Bf6 20. Bxe5 Bxe5 21. Nxc6 Rb5 22. Nxe5 Rxe5 {1-0 Ivanov,O (2458)-Gallo Garcia,K (2328) Titled Tuesday intern op 26th Jan blitz 2021 (10)}) 16. Nxb7 {[%emt 0:03:45] Strongly threatening Nc6.} cxd4 17. Nc6 Bc5 {[%emt 0:00:29] [#]} (17... Nd5 $14) 18. Nxc5 $1 $16 Nxc5 19. b4 Ncd7 20. Nxd4 {[%emt 0:04:35] White is more active.} Rfb8 21. Bd2 Nd5 22. Nc6 Rb6 23. Rfc1 ({Don't take} 23. Rxa7 Rxa7 24. Nxa7 Nxb4 $16) (23. Nxa7 N7f6 $16) 23... f5 24. Rc4 ({Don't play} 24. Nxa7 Nxb4 25. Rc7 Nf6 $16) 24... a6 25. f3 Kh7 26. b3 Rc8 {[%emt 0:05:14] [#]} 27. Ne5 {[%emt 0:02:54][%mdl 576] Discovered Attack} Rd8 {[%emt 0:00:37] [#]} (27... Rxc4 28. Nxc4) 28. Nd3 g5 29. Ra5 Kg6 30. h4 gxh4 (30... Rd6 {was necessary.} 31. Kg1 Rb8) 31. Rxh4 Rh8 32. Ra1 Rc6 33. Kf2 h5 34. Rc4 Rb6 35. Rh1 {[%emt 0:00:38] Black is weak on the dark squares} Rh7 36. Rc8 Kf7 37. Rh4 Ke7 38. Bg5+ {[%emt 0:00:35] White has a decisive advantage.} Kf7 39. Rd8 N5f6 40. Rd4 Kg6 41. Bh4 {[%emt 0:36:09] Weighted Error Value: White=0.08 (flawless) /Black=0.23 (precise)} 1-0